 Dungeon Crawl Stone Soup version 0.30-a0-393-g54b8e3be05 (webtiles) character file.

Game seed: 6518438547797022594

33012 Ijustatesigmund the Fighter (level 13, -1/88 HPs)
             Began as a Gargoyle Earth Elementalist on Dec 2, 2022.
             Was a High Priest of Cheibriados.
             Slain by a seven-headed hydra (9 damage)
             ... on level 2 of the Lair of Beasts on Dec 5, 2022.
             The game lasted 00:47:42 (20134 turns).

Ijustatesigmund the Fighter (GrEE)                 Turns: 20134, Time: 00:47:43

Health: -1/88      AC: 23    Str: 26    XL:     13   Next: 68%
Magic:  32/36      EV: 12    Int: 31    God:    Cheibriados [*****.]
Gold:   1085       SH:  0    Dex: 22    Spells: 19/33 levels left

rFire   . . .      SeeInvis +    c - +9 morningstar
rCold   . . .      Faith    .    (no shield)
rNeg    + . .      Spirit   .    a - +2 troll leather armour
rPois   ∞          Reflect  .    R - +1 helmet
rElec   +          Harm     .    F - scarf {repulsion}
rCorr   .          Rampage  .    q - +2 pair of gloves
Will    .....                    O - +1 pair of boots
Stlth   ++........               (no amulet)
HPRegen 1.14/turn                J - ring of see invisible
MPRegen 0.25/turn                o - ring of magical power

@: studying Fighting, repel missiles, very slow
A: sickness immunity, AC +9, negative energy resistance 1, electricity
resistance, torment resistance 1, petrification resistance
a: Renounce Religion, Bend Time, Temporal Distortion, Slouch, Step From Time


You were on level 2 of the Lair of Beasts.
You worshipped Cheibriados.
Cheibriados was extremely pleased with you.
You visited 3 branches of the dungeon, and saw 17 of its levels.
You also visited: Bailey.

You collected 1085 gold pieces.

Inventory:

Hand Weapons
 c - a +9 morningstar (weapon)
 x - a +4 flail
Missiles
 l - 15 poisoned darts
 w - 5 javelins (quivered)
 D - 2 curare-tipped darts
Armour
 a - a +2 troll leather armour (worn)
 q - a +2 pair of gloves (worn)
 F - a scarf of repulsion (worn)
 G - a +2 cloak of stealth
 O - a +1 pair of boots (worn)
 R - a +1 helmet (worn)
 V - +0 acid dragon scales
Magical Staves
 j - a staff of cold
 K - a staff of poison
 X - a staff of conjuration
 Z - a staff of death
Jewellery
 d - a ring of fire
 n - a ring of fire
 o - a ring of magical power (right hand)
 y - a +6 ring of intelligence
 C - a +4 ring of slaying
 H - the ring of Mahinof {rF+ rC- rCorr EV+4}
   (You found it in a bailey)

   [ring of evasion]

   EV:        It affects your evasion (+4).
   rF:        It protects you from fire.
   rC:        It makes you vulnerable to cold.
   rCorr:     It protects you from acid and corrosion.
 I - an amulet of reflection
 J - a ring of see invisible (left hand)
 P - a +6 ring of strength
 S - a ring of flight
 T - a +6 ring of intelligence
 W - a ring of protection from cold
 Y - an amulet of guardian spirit
Wands
 m - a wand of quicksilver (1)
 s - a wand of roots (4)
 t - a wand of mindburst (5)
 z - a wand of charming (7)
 N - a wand of flame (8)
Scrolls
 h - 7 scrolls of teleportation
 u - 4 scrolls of poison
 E - 5 scrolls of immolation
 M - a scroll of butterflies
 U - 3 scrolls of blinking
Potions
 b - 4 potions of magic
 e - a potion of ambrosia
 f - 3 potions of brilliance
 g - 7 potions of curing
 i - 4 potions of cancellation
 k - 3 potions of resistance
 p - 3 potions of heal wounds
 r - a potion of invisibility
 v - 6 potions of mutation
 A - a potion of berserk rage
 B - 3 potions of might
 L - 3 potions of attraction {unknown}
 Q - 2 potions of lignification {unknown}


   Skills:
 + Level 13.5 Fighting
 - Level 5.4 Maces & Flails
 - Level 3.3 Throwing
 - Level 3.5 Armour
 - Level 1.5 Dodging
 - Level 2.1 Stealth
 + Level 10.5 Spellcasting
 - Level 10.2 Conjurations
 - Level 3.0 Translocations
 - Level 0.7 Transmutations
 + Level 8.2 Earth Magic
 + Level 11.0 Invocations
 - Level 4.5 Evocations


You had 19 spell levels left.
You knew the following spells:

 Your Spells              Type           Power      Damage    Failure   Level
a - Sandblast             Erth           100%       2d20      1%          1
b - Stone Arrow           Conj/Erth      100%       3d13      1%          3
c - Blink                 Tloc           70%        N/A       1%          2
d - Iron Shot             Conj/Erth      32%        9d7       12%         6
e - Passwall              Tmut/Erth      36%        N/A       1%          2

Your spell library contained the following spells:

 Spells                   Type           Power      Damage    Failure   Level
 Apportation              Tloc           70%        N/A       1%          1
 Momentum Strike          Conj/Tloc      100%       3d10      1%          2
 Static Discharge         Conj/Air       96%        2-6/arc   1%          2
 Iskenderun's Battlesphe  Conj           68%        2d12      1%          5
 Necrotise                Necr           64%        1d7       3%          1
 Summon Small Mammal      Summ           64%        N/A       3%          1
 Lesser Beckoning         Tloc           70%        N/A       3%          3
 Vhi's Electric Charge    Tloc/Air       50%        N/A       5%          3
 Petrify                  Tmut/Erth      44%        N/A       5%          4
 Irradiate                Conj/Tmut      25%        3d20      10%         5
 Ozocubu's Armour         Ice            16%        N/A       11%         3
 Summon Guardian Golem    Hex/Summ       16%        N/A       11%         3
 Vampiric Draining        Necr           16%        2d7       11%         3
 Arcjolt                  Conj/Air       24%        1d34      12%         5
 Lightning Bolt           Conj/Air       24%        1d39      12%         5
 Orb of Destruction       Conj           34%        9d10      41%         7
 Blade Hands              Tmut           10%        N/A       56%         5
 Agony                    Necr           16%        N/A       67%         5
 Metabolic Englaciation   Hex/Ice        8%         N/A       67%         5
 Spellforged Servitor     Conj/Summ      24%        N/A       98%         7
 Simulacrum               Ice/Necr       8%         N/A       99%         6
 Dragon Form              Tmut           10%        N/A       100%        7


Dungeon Overview and Level Annotations

Branches:
Dungeon (14/15)            Temple (1/1) D:5            Lair (2/5) D:11
    Orc (0/2) D:10         Bailey (visited)
  Swamp: Lair:2-3    Shoals: Lair:2-3     Snake: Lair:2-3    Spider: Lair:2-3
 Vaults: D:13-14

Altars:
Ashenzari
Cheibriados
Dithmenos
Elyvilon
Fedhas
Gozag
Hepliaklqana
Kikubaaqudgha
Makhleb
Nemelex Xobeh
Okawaru
Qazlal
Ru
Sif Muna
Trog
Uskayaw
Vehumet
Wu Jian
Xom
Yredelemnul
Zin
The Shining One

Shops:
D:3 (

Portals:
Trove: D:13 (give +2 gold dragon scales)


Innate Abilities, Weirdness & Mutations

You are immune to sickness and miasma.
Your stone body is resilient. (AC +9)
You are immune to poison.
You resist negative energy. (rN+)
You are resistant to electric shocks. (rElec)
You are resistant to unholy torment.
You are immune to petrification.


Message History

Cheibriados lowers the support of your attributes as your movement quickens.
The seven-headed hydra bites you but does no damage.
The seven-headed hydra closely misses you.
The seven-headed hydra bites you. The seven-headed hydra misses you.
The seven-headed hydra bites you.
The seven-headed hydra barely misses you.
The seven-headed hydra closely misses you.
You impale the rime drake!!
You kill the rime drake!
Cheibriados appreciates the change of pace.
The seven-headed hydra bites you but does no damage. x4
The seven-headed hydra closely misses you.
The seven-headed hydra bites you but does no damage. x2
Unknown command.
You puncture the seven-headed hydra!
The seven-headed hydra is heavily wounded.
A nearby plant withers and dies.
The seven-headed hydra bites you! The seven-headed hydra misses you.
The seven-headed hydra barely misses you.
The seven-headed hydra bites you but does no damage. x3
The seven-headed hydra bites you.
You barely miss the seven-headed hydra.
The seven-headed hydra is moderately wounded.
The seven-headed hydra closely misses you.
The seven-headed hydra misses you. The seven-headed hydra bites you.
The seven-headed hydra bites you but does no damage.
The seven-headed hydra misses you. x2
The seven-headed hydra bites you but does no damage.
You sock the seven-headed hydra!
The seven-headed hydra is heavily wounded.
The seven-headed hydra bites you!
* * * LOW HITPOINT WARNING * * *
The seven-headed hydra bites you but does no damage.
The seven-headed hydra bites you.
* * * LOW HITPOINT WARNING * * *
The seven-headed hydra bites you!
* * * LOW HITPOINT WARNING * * *
The seven-headed hydra bites you but does no damage. x2
The seven-headed hydra bites you!
You die...

#.##
#PP..P...#......
###..#
#.P.....#.......
#..#.#
####..####.......
##..####....##
#.......
#........P##
#.......
#####..P###
#P....... ##..#
##....... #..#
###..... #@.#
#.#..# #†DP...#
###.# #........
## .........
#........
#........
#........
#........


You could see a seven-headed hydra.

Vanquished Creatures
  A rakshasa (D:13)
  A two-headed ogre (D:10)
  A catoblepas (Lair:2)
  2 centaur warriors
  3 tengu warriors
  Urug (D:13)
  2 deep elf pyromancers
  5 ugly things
  A wolf spider (D:14)
  A cyclops (D:12)
  A manticore (D:11)
  Joseph (D:7)
  2 gargoyles
  2 cane toads (Lair:1)
  4 komodo dragons
  4 rime drakes
  An efreet (D:14)
  A freezing wraith (D:14)
  Psyche (D:10)
  3 trolls
  A polar bear (Lair:1)
  3 meliai (D:14)
  7 slime creatures (D:12)
  5 blink frogs (Lair:1)
  Sigmund (D:5)
  4 wraiths
  2 wyverns
  27 yaks
  A human (D:13)
  A steam dragon (D:9)
  A basilisk (Lair:2)
  5 vampire mosquitoes
  Edmund (D:4)
  Menkaure (D:7)
  2 acid dragons
  Duvessa (D:6)
  5 water moccasins
  4 black bears
  8 ice beasts
  17 orc warriors
  13 wolves
  2 ogres
  17 centaurs
  2 phantoms
  7 bullfrogs
  4 scorpions
  A gnoll sergeant (D:11)
  7 wights
  Dowan (D:6)
  9 killer bees
  4 electric eels
  5 howler monkeys
  A hound (D:5)
  A jelly (D:7)
  8 orc priests
  Crazy Yiuf (D:7)
  2 gnoll boudas (D:9)
  12 orc wizards
  3 iguanas
  17 gnolls
  15 adders
  A white imp (D:6)
  3 worms
  3 dart slugs
  68 orcs
  4 bats
  9 endoplasms
  4 giant cockroaches
  9 goblins
  9 hobgoblins
  2 jackals (D:3)
  8 kobolds
  7 quokkas
  4 ball pythons
  7 frilled lizards
  2 rats (D:2)
407 creatures vanquished.

Vanquished Creatures (collateral kills)
  3 slime creatures (D:12)
  A gnoll sergeant (D:11)
  An orc priest (D:12)
5 creatures vanquished.

Vanquished Creatures (others)
  A tengu conjurer (D:14)
  A human (D:14)
  An orc warrior (D:12)
  A butterfly (D:8)
  19 fungi
  8 plants
31 creatures vanquished.

Grand Total: 443 creatures vanquished

Notes
Turn   | Place    | Note
-------+----------+-------------------------------------------
     0 | D:1      | Ijustatesigmund the Gargoyle Earth Elementalist began the
                  | quest for the Orb.
     0 | D:1      | Reached XP level 1. HP: 10/10 MP: 3/3
   218 | D:1      | Reached skill level 1 in Fighting
   218 | D:1      | Reached XP level 2. HP: 16/16 MP: 1/5
   548 | D:1      | Reached XP level 3. HP: 20/20 MP: 4/6
  1029 | D:2      | Found a faded altar of an unknown god.
  1142 | D:2      | Reached skill level 2 in Fighting
  1142 | D:2      | Reached XP level 4. HP: 26/26 MP: 6/8
  1146 | D:2      | Learned a level 3 spell: Stone Arrow
  1617 | D:2      | Identified the +3 chain mail "Mamanade" {Int+7 Stlth-}
  1750 | D:2      | Reached skill level 1 in Conjurations
  1946 | D:3      | Found a sparkling altar of Nemelex Xobeh.
  1954 | D:3      | Reached XP level 5. HP: 24/31 MP: 4/9
  2251 | D:3      | Found Towaj's Antique Weapon Boutique.
  2413 | D:3      | Reached skill level 3 in Fighting
  2982 | D:4      | Noticed a black bear
  2990 | D:4      | Killed a black bear
  2991 | D:4      | Reached skill level 1 in Maces & Flails
  2991 | D:4      | Reached XP level 6. HP: 29/37 MP: 5/11
  3185 | D:4      | Found a blossoming altar of Fedhas.
  3624 | D:4      | Noticed Edmund
  3640 | D:4      | Killed Edmund
  3641 | D:4      | Reached XP level 7. HP: 8/41 MP: 0/13
  3792 | D:5      | Entered Level 5 of the Dungeon
  3956 | D:5      | Found a staircase to the Ecumenical Temple.
  4007 | Temple   | Entered the Ecumenical Temple
  4128 | Temple   | Became a worshipper of Cheibriados the Contemplative
  4413 | D:5      | Noticed Sigmund
  4424 | D:5      | Killed Sigmund
  4425 | D:5      | Reached skill level 1 in Armour
  4425 | D:5      | Reached skill level 1 in Invocations
  4425 | D:5      | Reached XP level 8. HP: 39/46 MP: 5/15
  4515 | D:5      | Noticed a yak
  4515 | D:5      | Noticed a yak
  4515 | D:5      | Noticed a yak
  4516 | D:5      | Noticed a yak
  4516 | D:5      | Noticed a yak
  4527 | D:5      | Reached skill level 5 in Spellcasting
  4747 | D:5      | Reached skill level 4 in Fighting
  4750 | D:5      | Reached skill level 5 in Conjurations
  4913 | D:6      | Killed a yak
  5162 | D:6      | Found a radiant altar of Vehumet.
  5183 | D:6      | Reached skill level 1 in Evocations
  5183 | D:6      | Reached XP level 9. HP: 46/52 MP: 17/17
  5194 | D:6      | Reached * piety under Cheibriados
  5412 | D:5      | Found a shadowy altar of Dithmenos.
  5415 | D:5      | Found a hazy altar of Hepliaklqana.
  5663 | D:5      | Reached skill level 5 in Fighting
  5743 | D:5      | Found an iron altar of Okawaru.
  5774 | D:5      | Found a bloodstained altar of Trog.
  6214 | D:6      | Found a basalt altar of Yredelemnul.
  6285 | D:6      | Found a stormy altar of Qazlal.
  6312 | D:6      | Noticed Dowan
  6313 | D:6      | Noticed Duvessa
  6321 | D:6      | Killed Duvessa
  6324 | D:6      | Killed Dowan
  6337 | D:6      | Reached ** piety under Cheibriados
  6596 | D:6      | Reached skill level 5 in Invocations
  6646 | D:6      | Found a hide-covered altar of Uskayaw.
  6995 | D:7      | Reached XP level 10. HP: 60/60 MP: 9/19
  7131 | D:7      | Found a shimmering altar of Xom.
  7174 | D:7      | Reached skill level 1 in Throwing
  7174 | D:7      | Noticed Joseph
  7193 | D:7      | Killed Joseph
  7779 | D:7      | Found a runed translucent door.
  7780 | D:7      | Noticed Crazy Yiuf
  7784 | D:7      | Killed Crazy Yiuf
  7854 | D:7      | Noticed Menkaure
  7858 | D:7      | Killed Menkaure
  8034 | D:8      | Found a flagged portal.
  8078 | Bailey   | Entered a bailey
  8125 | Bailey   | Reached *** piety under Cheibriados
  8612 | Bailey   | Reached skill level 5 in Maces & Flails
  9252 | Bailey   | Identified the ring of Mahinof {rF+ rC- rCorr EV+4}
  9516 | D:8      | Reached **** piety under Cheibriados
  9517 | D:8      | Reached skill level 6 in Fighting
  9528 | D:8      | Learned a level 2 spell: Blink
  9547 | D:8      | Reached XP level 11. HP: 58/64 MP: 22/22
  9617 | D:8      | Found a white marble altar of Elyvilon.
  9787 | D:8      | Reached skill level 1 in Translocations
 10342 | D:8      | Found a shimmering blue altar of Sif Muna.
 10342 | D:8      | Found an ornate altar of the Wu Jian Council.
 10639 | D:9      | Reached skill level 7 in Fighting
 11395 | D:9      | Found a glowing golden altar of the Shining One.
 11705 | D:10     | Entered Level 10 of the Dungeon
 11709 | D:10     | Noticed Psyche
 11719 | D:10     | Killed Psyche
 11957 | D:10     | Noticed a two-headed ogre
 11967 | D:10     | Killed a two-headed ogre
 12166 | D:10     | Reached skill level 8 in Fighting
 12383 | D:10     | Found a staircase to the Orcish Mines.
 12857 | D:11     | Reached ***** piety under Cheibriados
 12990 | D:11     | Found a staircase to the Lair.
 13213 | D:11     | Reached XP level 12. HP: 53/75 MP: 24/24
 13503 | D:11     | Reached skill level 9 in Fighting
 14485 | D:11     | Upgraded the game from 0.30-a0-385-gfebfb9b408 to
                  | 0.30-a0-393-g54b8e3be05
 15265 | D:12     | Reached skill level 10 in Fighting
 15265 | D:12     | Reached skill level 10 in Conjurations
 15449 | D:12     | Found a glowing golden altar of the Shining One.
 15841 | D:12     | Learned a level 6 spell: Iron Shot
 16199 | D:12     | Reached skill level 5 in Earth Magic
 16424 | D:13     | Noticed a tengu warrior
 16424 | D:13     | Noticed a tengu warrior
 16429 | D:13     | Learned a level 2 spell: Passwall
 16562 | D:13     | Killed a tengu warrior
 16563 | D:13     | Reached skill level 11 in Fighting
 16567 | D:13     | Killed a tengu warrior
 16845 | D:13     | Noticed Urug
 16854 | D:13     | Killed Urug
 16987 | D:13     | Noticed a rakshasa
 16997 | D:13     | Killed a rakshasa
 17054 | D:13     | Noticed a centaur warrior
 17058 | D:13     | Killed a centaur warrior
 17264 | D:13     | Found a portal to a secret trove of treasure.
 17360 | D:13     | Found an iron altar of Okawaru.
 18154 | D:14     | Reached skill level 12 in Fighting
 18154 | D:14     | Reached skill level 10 in Invocations
 18154 | D:14     | Reached XP level 13. HP: 75/86 MP: 26/26
 18450 | D:13     | Reached skill level 10 in Spellcasting
 18783 | D:14     | Noticed a vault guard
 18783 | D:14     | Noticed a vault guard
 18783 | D:14     | Noticed a vault guard
 18783 | D:14     | Noticed a vault guard
 18897 | D:14     | Noticed a vault guard
 18995 | Lair:1   | Entered Level 1 of the Lair of Beasts
 19248 | Lair:1   | Reached skill level 13 in Fighting
 20134 | Lair:2   | Slain by a seven-headed hydra

Illustrated notes

Levels and vault maps discovered:
D:1:      lightli_arrival_statuegarden, layout_loops_ring, minmay_door_square,
          due_unseen_surprise
D:2:      layout_loops_cross, shapermc_ecumenical_altar_pompeii,
          minmay_quadrilaterals
D:3:      layout_basic, nemelex_xobeh_ov_fountains_minmay, serial_shops,
          nicolae_lakefront_shop, hex_medium, grunt_decor_arrowhead,
          minmay_diced_spiral
D:4:      layout_gridville, lemuel_doored_altar, uniq_edmund
D:5:      kennysheep_six_static_rooms, layout_loops_ring,
          grunt_temple_overflow_bloody_war, riverfiend_overflow_shadow_ancestor,
          minmay_temple_entry_waves, uniq_sigmund
D:6:      layout_cave_pools, mainiacjoe_overflow_chevrons,
          nicolae_vehumet_radiance, overflow_temple_1_default,
          lemuel_round_altar, uniq_duvessa
D:7:      layout_gridville, old_standard_altar, serial_bayou_lagoon_a,
          uniq_crazy_yiuf_cottage, uniq_joseph, uniq_menkaure
D:8:      layout_basic, nicolae_elyvilon_peaceful_grove,
          nicolae_overflow_two_pavilions, enter_bailey_5, serial_park_tiny_1
D:9:      layout_basic, lemuel_tele_altar, serial_glass, glass_columns_c,
          glass_columns_a, glass_columns_c, glass_columns_a,
          minmay_misc_feat_four_crosses
D:10:     layout_cave_pools, erik_orc_3, hangedman_abyss_or_decor_stagger,
          uniq_psyche
D:11:     layout_layer_cave, hellmonk_lair_entry_icy
D:12:     layout_roguey, tso_metal_star
D:13:     layout_basic, nicolae_trove_entry_crossroad,
          kennysheep_okawaru_gauntlet, uniq_urug
D:14:     layout_rooms, ximxim_vaults_locker_room, serial_bayou_pond_a
Temple:   nicolae_temple_great_sept
Lair:1:   layout_cave_pods, lemuel_fruit_fields
Lair:2:   layout_cave_pods, minmay_swamp_entry_worms,
          spider_nest_entry_funnel_web, uniq_erica

Skill      XL: |  1  2  3  4  5  6  7  8  9 10 11 12 13 |
---------------+----------------------------------------+-----
Fighting       | 1 2 3 4 5 6 8 12 13 | 13.5
Earth Magic    | 4 6 8 |  8.2
Spellcasting   | 3 4 5 6 7 8 9 10 | 10.5
Conjurations   | 1 2 3 4 5 6 8 9 10 | 10.2
Maces & Flails | 1 2 3 5 |  5.4
Armour         | 1 2 3 |  3.5
Invocations    | 1 3 5 6 8 10 11 | 11.0
Evocations     | 1 2 4 |  4.5
Throwing       | 3 |  3.3
Translocations | 3 |  3.0
Dodging        | |  1.5
Stealth        | |  2.1
Transmutations | |  0.7

Action                   |  1- 3 |  4- 6 |  7- 9 | 10-12 | 13-15 || total
-------------------------+-------+-------+-------+-------+-------++-------
Melee: Flail             |     1 |     5 |    75 |       |       ||    81
       Morningstar       |       |       |     2 |   244 |   179 ||   425
       Punch             |       |       |       |     1 |     4 ||     5
Throw: Dart              |     1 |     3 |    16 |    16 |       ||    36
       Javelin           |       |       |       |     3 |     4 ||     7
 Cast: Sandblast         |    33 |    99 |    51 |    49 |     4 ||   236
       Stone Arrow       |       |     2 |    45 |   212 |    14 ||   273
       Passwall          |       |       |       |     1 |       ||     1
Invok: Slouch            |       |       |       |     4 |     1 ||     5
       Step From Time    |       |       |       |       |     1 ||     1
Evoke: Wand              |       |       |     5 |    23 |     7 ||    35
  Use: Scroll            |       |    12 |     6 |    20 |     5 ||    43
       Potion            |       |     1 |       |     1 |     3 ||     5
 Stab: Sleeping          |       |       |       |     2 |     2 ||     4
       Distracted        |       |       |       |     1 |       ||     1
Armor: Robe              |       |    24 |    65 |   159 |       ||   248
       Troll leather arm |       |       |       |    40 |   222 ||   262
Dodge: Dodged            |     4 |    25 |    79 |   283 |   209 ||   600
       Repelled          |       |       |       |    10 |       ||    10

Table legend: (Time is in decaauts)
 A = Elapsed time spent in this place.
 B = Non-inter-level travel time spent in this place.
 C = Inter-level travel time spent in this place.
 D = Time resting spent in this place.
 E = Time spent auto-exploring this place.
 F = Levels seen in this place.
 G = Mean time per level.
                   A        B        C        D        E       F      G
               +--------+--------+--------+--------+--------+-----+--------+
         Total |  25998 |  25166 |    832 |   5140 |  16337 |  18 | 1444.3 |
       Dungeon |  22417 |  21652 |    765 |   4571 |  14192 |  14 | 1601.2 |
        Temple |    133 |    104 |     29 |      0 |     95 |   1 |  133.0 |
          Lair |   1899 |   1863 |     36 |      5 |   1476 |   2 |  949.5 |
        Bailey |   1548 |   1548 |      0 |    562 |    573 |   1 | 1548.0 |
               +--------+--------+--------+--------+--------+-----+--------+

Top non-repeatable levels by time:
    D:13: 3188 daAuts
    D:11: 3133 daAuts
     D:5: 2126 daAuts
    D:12: 2024 daAuts
     D:8: 1850 daAuts
  Lair:1: 1746 daAuts
     D:7: 1674 daAuts
  Bailey: 1548 daAuts
    D:10: 1422 daAuts
     D:9: 1402 daAuts
     D:6: 1119 daAuts
     D:3: 1116 daAuts
     D:2: 936 daAuts
     D:1: 907 daAuts
     D:4: 897 daAuts
